Workbook
Name ____val2: '[1]TAKE OFF''S'!#REF!
Name _val2: '[1]TAKE OFF''S'!#REF!
Name af: #REF!
Name afd: #REF!
Name AREAS: #REF!
Name AV: '[2]TAKE OFF''S'!#REF!
Name AVE.: #REF!
Name b: #REF!
Name BASIS: #REF!
Name BASIS1: #REF!
Name BH: #REF!
Name centrelinecavity: [3]Calcs!$C$223
Name DIMS: '[1]TAKE OFF''S'!#REF!
Name lengthstripfnds: [3]Calcs!$C$147
Name lll: '[1]TAKE OFF''S'!#REF!
Name M60_121FlrPaintPlantRms: [4]Calcs!#REF!
Name MAY_99_VALUATION_VALUATIONS_List: #REF!
Name P20_110Sktg: [5]Calcs!$K$873
Name pgd: #REF!
Name SFtgsGulleyhopperbackinlet150: '[6]SW drain calcs'!#REF!
Name SFtgsGulleyTrap150: '[6]SW drain calcs'!#REF!
Name slabarea: [3]Calcs!$C$173
Name slabisolationjoints: [3]Calcs!$C$183
Name STrenchEoBreakEdging: '[6]SW drain calcs'!#REF!
Name STrenchEoBreakKerb: '[6]SW drain calcs'!#REF!
Name STrenchEoBreakMac: '[6]SW drain calcs'!#REF!
Name UpperFlrSlabArea: [4]Calcs!#REF!
Name UpperFlrSlabGrth: [4]Calcs!#REF!
Name val: '[1]TAKE OFF''S'!#REF!
Name z: #REF!

Sheet Summary
A1: Empire Construction - SA1 Landon Road
A2: Rev. -
A3: Jacob Thomas
A4: 1803650
A6: Ref | B6: Description | C6: Value
A7: 1 | B7: Preliminaries | C7: 2577352.2
A8: 3 | B8: Demolitions | C8: 129393.69
A9: 5 | B9: Excavating and Filling | C9: 564790.53
A10: 7 | B10: Piling | C10: 160446.32
A11: 11 | B11: In-situ Concrete Works | C11: 180218.26
A12: 12 | B12: Precast/Composite Concrete | C12: 307654.3
A13: 13 | B13: Precast Concrete | C13: 64241.3
A14: 14 | B14: Masonry | C14: 286162.23
A15: 15 | B15: Structural Metalwork | C15: 602151.85
A16: 16 | B16: Carpentry | C16: 22637.66
A17: 17 | B17: Sheet Roof Coverings | C17: 280364.77
A18: 19 | B18: Waterproofing | C18: 30943.89
... A39: 44 | B39: Electrical Supply/Power/Heating | C39: 521647.06
B41: Project Total | C41: 9213282.1

Sheet Elemental Split
A1: Empire Construction - SA1 Landon Road
A2: Rev. -
A3: Jacob Thomas
A4: 1803650
A6: Ref | B6: Description | C6: Value | D6: Elemental Split
A7: 1 | B7: Preliminaries | C7: 2577352.2 | D7: =C7/$C$41 -> 0.27974311
A8: 3 | B8: Demolitions | C8: 129393.69 | D8: =C8/$C$41 -> 0.014044256
A9: 5 | B9: Excavating and Filling | C9: 564790.53 | D9: =C9/$C$41 -> 0.061301773
A10: 7 | B10: Piling | C10: 160446.32 | D10: =C10/$C$41 -> 0.017414676
A11: 11 | B11: In-situ Concrete Works | C11: 180218.26 | D11: =C11/$C$41 -> 0.019560701
A12: 12 | B12: Precast/Composite Concrete | C12: 307654.3 | D12: =C12/$C$41 -> 0.033392476
A13: 13 | B13: Precast Concrete | C13: 64241.3 | D13: =C13/$C$41 -> 0.0069726835
A14: 14 | B14: Masonry | C14: 286162.23 | D14: =C14/$C$41 -> 0.031059749
A15: 15 | B15: Structural Metalwork | C15: 602151.85 | D15: =C15/$C$41 -> 0.065356932
A16: 16 | B16: Carpentry | C16: 22637.66 | D16: =C16/$C$41 -> 0.0024570679
A17: 17 | B17: Sheet Roof Coverings | C17: 280364.77 | D17: =C17/$C$41 -> 0.030430499
A18: 19 | B18: Waterproofing | C18: 30943.89 | D18: =C18/$C$41 -> 0.0033586175
... A39: 44 | B39: Electrical Supply/Power/Heating | C39: 521647.06 | D39: =C39/$C$41 -> 0.056619026
B41: Project Total | C41: 9213282.1

Sheet Details
B1: =+Summary!A1 -> Empire Construction - SA1 Landon Road
B2: =+Summary!A2 -> Rev. - | J2: 1.3
B3: =+Summary!A3 -> Jacob Thomas | J3: 0.86
B4: =+Summary!A4 -> 1803650 | J4: 0.14 | M4: 25 | N4: =M4*J4 -> 3.5
N5: =M4*J6 -> 5
B6: 1 | C6: Preliminaries | J6: 0.2 | N6: =M4*#REF! -> #REF!
B7: 1.2.1 | C7: Management and staff | D7: Quantity | E7: Unit | F7: Rate | G7: Value | H7: Comments / Assumptions
B8: 1.2.1.1 | C8: Project Specific Management and Staff | G8: =SUM(G9:G17) -> 970535.02 | M8: =25*1.44 -> 36
B9: 1.2.1.1.1 | C9: Project Manager | D9: 66 | E9: week | F9: 2180.1 | G9: =F9*D9 -> 143886.6
B10: 1.2.1.1.2 | C10: Site Managers - 2 nr | D10: =66*2 -> 132 | E10: week | F10: 1162.72 | G10: =F10*D10 -> 153479.04
B11: 1.2.1.1.3 | C11: Supervisors - 2 nr | D11: =66*2 -> 132 | E11: week | F11: 872.04 | G11: =F11*D11 -> 115109.28
B12: 1.2.1.1.4 | C12: Planning/ programming manager | D12: 66 | E12: week | F12: 1162.72 | G12: =F12*D12 -> 76739.52
B13: 1.2.1.1.5 | C13: Senior quantity surveyor | D13: 66 | E13: week | F13: 1744.08 | G13: =F13*D13 -> 115109.28
B14: 1.2.1.1.6 | C14: Project quantity surveyor | D14: 66 | E14: week | F14: 1421 | G14: =F14*D14 -> 93786
B15: 1.2.1.1.7 | C15: Procurement manager | D15: 66 | E15: week | F15: 0 | G15: =F15*D15 -> 0
B16: 1.2.1.1.8 | C16: Engineers - 2 nr | D16: 132 | E16: week | F16: 1627.808 | G16: =F16*D16 -> 214870.66 | J16: =J15*0.2 -> 0
B17: 1.2.1.1.9 | C17: Materials management staff | D17: 66 | E17: week | F17: 872.04 | G17: =F17*D17 -> 57554.64
B18: 1.2.1.1.10 | C18: Timekeeper/ storeman | D18: 66 | E18: week | F18: 510 | G18: =F18*D18 -> 33660
B19: 1.2.1.1.11 | C19: Admin clerk | D19: 66 | E19: week | F19: 510 | G19: =F19*D19 -> 33660
B20: 1.2.1.1.12 | C20: Labourer | D20: 66 | E20: week | F20: 510 | G20: =F20*D20 -> 33660
C22: Sub Total | G22: =+G8 -> 970535.02
B23: 1.2.2 | C23: Site Establishment | D23: Quantity | E23: Unit | F23: Rate | G23: Value | H23: Comments / Assumptions
B24: 1.2.2.1 | C24: Site Accomodation | G24: =SUM(G25:G33) -> 31826.32
B25: 1.2.2.1.1 | C25: Site offices including furnature & equipment | D25: 66 | E25: week | F25: 98 | G25: =F25*D25 -> 6468
B26: 1.2.2.1.2 | C26: Sanitary accommodation | D26: 66 | E26: week | F26: 84 | G26: =F26*D26 -> 5544
B27: 1.2.2.1.3 | C27: Welfare facilities | D27: 66 | E27: week | F27: 84 | G27: =F27*D27 -> 5544
B28: 1.2.2.1.4 | C28: Foundations to site accommodation | D28: 1 | E28: item | F28: 2321 | G28: =F28*D28 -> 2321
B29: 1.2.2.1.5 | C29: Temporary drainage to accommodation | D29: 1 | E29: item | F29: 1017.38 | G29: =F29*D29 -> 1017.38
B30: 1.2.2.1.6 | C30: Temporary services to accommodation | D30: 1 | E30: item | F30: 935.22 | G30: =F30*D30 -> 935.22
B31: 1.2.2.1.7 | C31: Delivery & removal of accommodation | D31: 2 | E31: item | F31: 872.04 | G31: =F31*D31 -> 1744.08
B32: 1.2.2.1.8 | C32: Maintenance | D32: 66 | E32: week | F32: 72.67 | G32: =F32*D32 -> 4796.22
B33: 1.2.2.1.9 | C33: Cleaning | D33: 66 | E33: week | F33: 52.37 | G33: =F33*D33 -> 3456.42
B35: 1.2.2.3 | C35: Furniture and Equipment | G35: =SUM(G36:G39) -> 12460.998
B36: 1.2.2.3.1 | C36: Staff workstations including maintenance | E36: nr | G36: =F36*D36 -> 0
B37: 1.2.2.3.2 | C37: Canteen equipment including maintenance and running costs | D37: 66 | E37: week | F37: 65.403 | G37: =F37*D37 -> 4316.598
B38: 1.2.2.3.3 | C38: Water dispensers including maintenance and running costs | D38: 66 | E38: week | F38: 55.11 | G38: =F38*D38 -> 3637.26
B39: 1.2.2.3.4 | C39: Heaters including maintenance and running costs | D39: 66 | E39: week | F39: 68.29 | G39: =F39*D39 -> 4507.14
B41: 1.2.2.4 | C41: Telecommunication and IT Systems | G41: =SUM(G42:G47) -> 15200.888
B42: 1.2.2.4.1 | C42: Computer hardware purchase, installation, running costs. - Desktops & laptops - CAD Stations - Server and network equipment - Printers and plotters - Other hardware | D42: 1 | E42: item | F42: 3945.25 | G42: =F42*D42 -> 3945.25
B43: 1.2.2.4.2 | C43: Software and licences | D43: 1 | E43: item | F43: 4360.2 | G43: =F43*D43 -> 4360.2
B44: 1.2.2.4.3 | C44: Modem lines and connections | D44: 1 | E44: item | F44: 2543.45 | G44: =F44*D44 -> 2543.45
B45: 1.2.2.4.4 | C45: Line rental charges | D45: 66 | E45: week | F45: 29.068 | G45: =F45*D45 -> 1918.488
B46: 1.2.2.4.5 | C46: Internet/ website addresses | D46: 1 | E46: nr | F46: 1453.4 | G46: =F46*D46 -> 1453.4
B47: 1.2.2.4.6 | C47: IT support and maintenance | D47: 66 | E47: week | F47: 14.85 | G47: =F47*D47 -> 980.1
B49: 1.2.2.5 | C49: Consumables and Services | G49: =SUM(G50:G54) -> 10940.094
B50: 1.2.2.5.1 | C50: Stationary | D50: 66 | E50: week | F50: 21.801 | G50: =F50*D50 -> 1438.866
B51: 1.2.2.5.2 | C51: Computer and printer consumables | D51: 66 | E51: week | F51: 43.602 | G51: =F51*D51 -> 2877.732
B52: 1.2.2.5.3 | C52: Postage | D52: 66 | E52: week | F52: 30.1 | G52: =F52*D52 -> 1986.6
B53: 1.2.2.5.4 | C53: Tea, coffee, water bottles and the like | D53: 66 | E53: week | F53: 58.136 | G53: =F53*D53 -> 3836.976
B54: 1.2.2.5.5 | C54: First aid consumables | D54: 66 | E54: week | F54: 12.12 | G54: =F54*D54 -> 799.92
B56: 1.2.2.7 | C56: Sundries | G56: =SUM(G57:G64) -> 21930.742
B57: 1.2.2.7.1 | C57: Main contractors signboards | D57: 66 | E57: week | F57: 32 | G57: =F57*D57 -> 2112
B58: 1.2.2.7.2 | C58: Safety and information notice boards | D58: 66 | E58: week | F58: 29.068 | G58: =F58*D58 -> 1918.488
B59: 1.2.2.7.3 | C59: Tool stores | D59: 66 | E59: week | F59: 50.869 | G59: =F59*D59 -> 3357.354
B60: 1.2.2.7.4 | C60: Crane signage | D60: =D130 -> 40 | E60: week | F60: 29.068 | G60: =F60*D60 -> 1162.72
B61: 1.2.2.7.5 | C61: Employers composite signboards | D61: 66 | E61: week | F61: 72.67 | G61: =F61*D61 -> 4796.22
B62: 1.2.2.7.6 | C62: Fuel bowser 3000l | D62: 66 | E62: week | F62: 51.69 | G62: =F62*D62 -> 3411.54
B63: 1.2.2.7.7 | C63: Water bowser 3000l | D63: 66 | E63: week | F63: 49.98 | G63: =F63*D63 -> 3298.68
B64: 1.2.2.7.8 | C64: Water pump | D64: 66 | E64: week | F64: 28.39 | G64: =F64*D64 -> 1873.74
C66: Sub Total | G66: =+G24+G35+G41+G49+G56 -> 92359.042
B67: 1.2.3 | C67: Temporary Services | D67: Quantity | E67: Unit | F67: Rate | G67: Value | H67: Comments / Assumptions
B68: 1.2.3.1 | C68: Temporary Use of Various Services | G68: =SUM(G69:G72) -> 17760.548
B69: 1.2.3.1.1 | C69: Locate and break into existing service mains | D69: 1 | E69: item | F69: 2398.11 | G69: =F69*D69 -> 2398.11 | H69: Existing Service Mains located in footpath along Langdon Road.
B70: 1.2.3.1.2 | C70: Reinstatement of existing ground | D70: 1 | E70: item | F70: 3124.81 | G70: =F70*D70 -> 3124.81 | H70: Assuming reinstatement of standard footpath.
B71: 1.2.3.1.3 | C71: Distribution equipment installation and adaptions | D71: 1 | E71: item | F71: 726.7 | G71: =F71*D71 -> 726.7
B72: 1.2.3.1.4 | C72: Usage charges | D72: 66 | E72: week | F72: 174.408 | G72: =F72*D72 -> 11510.928
C74: Sub Total | G74: =+G68 -> 17760.548
B75: 1.2.4 | C75: Security | D75: Quantity | E75: Unit | F75: Rate | G75: Value | H75: Comments / Assumptions
B76: 1.2.4.2 | C76: Security Equipment | G76: =SUM(G77:G79) -> 27033.24
B77: 1.2.4.2.1 | C77: Site pass equipment including maintenance and removal | D77: 1 | E77: item | F77: 10900.5 | G77: =F77*D77 -> 10900.5
B78: 1.2.4.2.2 | C78: Site pass consumables | D78: 1 | E78: item | F78: 1744.08 | G78: =F78*D78 -> 1744.08 | H78: Access ID cards to be used for project duration.
B79: 1.2.4.2.3 | C79: CCTV surveillance | D79: 66 | E79: week | F79: 218.01 | G79: =F79*D79 -> 14388.66 | H79: CCTV to be monitored by a 3rd party contractor.
B81: 1.2.4.3 | C81: Hoarding, Fences and Gates | G81: =SUM(G82:G84) -> 37042.753
B82: 1.2.4.3.1 | C82: Perimeter hoarding and fencing to the site boundary | D82: 345 | E82: m | F82: 64 | G82: =F82*D82 -> 22080 | H82: Full external boundary of the site.
B83: 1.2.4.3.2 | C83: Access gates, including frames and ironmongery | D83: 2 | E83: nr | F83: 2543.45 | G83: =F83*D83 -> 5086.9 | H83: 2 nr gates at East & West of the site.
B84: 1.2.4.3.3 | C84: Dismantling and removal of hoarding or fencing | D84: 1 | E84: item | F84: 9875.853 | G84: =F84*D84 -> 9875.853
C86: Sub Total | G86: =+G76+G81 -> 64075.993
B87: 1.2.5 | C87: Safety and Environmental Protection | D87: Quantity | E87: Unit | F87: Rate | G87: Value | H87: Comments / Assumptions
B88: 1.2.5.1 | C88: Equipment | G88: =SUM(G89:G94) -> 6182.807
B89: 1.2.5.1.1 | C89: Notice and information to neighbours | D89: 1 | E89: item | F89: 290.68 | G89: =F89*D89 -> 290.68
B90: 1.2.5.1.2 | C90: PPE for all site staff and visitors | D90: 1 | E90: nr | F90: 1851.36 | G90: =F90*D90 -> 1851.36
B91: 1.2.5.1.3 | C91: Fire points | D91: 1 | E91: nr | F91: 726.7 | G91: =F91*D91 -> 726.7
B92: 1.2.5.1.4 | C92: Fire alarms | D92: 1 | E92: item | F92: 836.02 | G92: =F92*D92 -> 836.02
B93: 1.2.5.1.5 | C93: Fire extinguishers | D93: 20 | E93: nr | F93: 87.56735 | G93: =F93*D93 -> 1751.347
B94: 1.2.5.1.6 | C94: Safety signage | D94: 1 | E94: item | F94: 726.7 | G94: =F94*D94 -> 726.7
B96: 1.2.5.2 | C96: Barriers and Safety Scaffolding | G96: =SUM(G97:G102) -> 21074.3
B97: 1.2.5.2.1 | C97: Guard rails and edge protection | D97: 1 | E97: item | F97: 3633.5 | G97: =F97*D97 -> 3633.5
B98: 1.2.5.2.2 | C98: Temporary staircase balustrades | D98: 2 | E98: item | F98: 872.04 | G98: =F98*D98 -> 1744.08
B99: 1.2.5.2.3 | C99: Lift shaft protection | D99: 1 | E99: item | F99: 3633.5 | G99: =F99*D99 -> 3633.5
B100: 1.2.5.2.4 | C100: Protection to holes and openings in ground floor slabs | D100: 1 | E100: item | F100: 2470.78 | G100: =F100*D100 -> 2470.78
B101: 1.2.5.2.5 | C101: Debris netting/ plastic sheeting | D101: 1 | E101: item | F101: 3052.14 | G101: =F101*D101 -> 3052.14
B102: 1.2.5.2.6 | C102: Scaffold inspections | D102: 18 | E102: nr | F102: 363.35 | G102: =F102*D102 -> 6540.3 | H102: Based on monthly inspections.
B104: 1.2.5.3 | C104: Environmental Protection Measures | G104: =SUM(G105:G109) -> 11627.2
B105: 1.2.5.3.1 | C105: Control of pollution | D105: 66 | E105: week | F105: 0 | G105: =F105*D105 -> 0
B106: 1.2.5.3.2 | C106: Noise control | E106: item | F106: 0 | G106: =F106*D106 -> 0
B107: 1.2.5.3.3 | C107: Environmental monitoring | E107: item | F107: 0 | G107: =F107*D107 -> 0
B108: 1.2.5.3.4 | C108: Environmental consultant | D108: 1 | E108: nr | F108: 5086.9 | G108: =F108*D108 -> 5086.9
B109: 1.2.5.3.5 | C109: Environmental audits - monthly | D109: 18 | E109: nr | F109: 363.35 | G109: =F109*D109 -> 6540.3
B111: 1.2.5.4 | C111: Traffic Management | G111: =SUM(G112) -> 23989.82
B112: 1.2.5.4.1 | C112: 3 way light system | D112: 6 | E112: week | F112: 3998.3034 | G112: =F112*D112 -> 23989.82
...

Sheet Tender Qualifications
A1: Empire Construction - SA1 Landon Road
A2: Rev. -
A3: Jacob Thomas
A4: 1803650
A6: PRELIMINARIES
A8: Tender Price Index & Location Factor | B8: Fixed price for the duration as stated in the site specific tender submission. TPI & LF based on date at mid point of the construction programme. | C8: Tender Price Index for December 2023 = 1.3 Location Factor for Wales = 0.86
A10: Head Office Overheads | B10: All Emprire Construction head office overheads are priced within the tendered rates. Cost plus rates subject to 26% Empire Construction OH. | C10: Included in Empire Construction tender.
A12: Site Overheads | B12: All site overheads are itemised within Emprire Construction tender details under preliminaries. Bill rates used for additional work subject to 16% Site OH. Cost plus rates subject to 26% Empire Construction OH. | C12: Included in Empire Construction tender.
A14: Contingency | B14: Empire Construction include for 20% contingency as priced within the tendered rates. | C14: Included in Empire Construction tender.
A16: Profit | B16: Empire Construction include for 10% margin as priced within the tendered rates. | C16: Included in Empire Construction tender.
A18: Fixed Price Period / Duration | B18: Fixed price for the duration as stated in the site specific tender submission. Standard annual price increases are generally 1st January. We cannot fix the cost of volatile items such as bitumen products and fuel legislation. | C18: Our prices are based on current rates at the time of tender. We do not include any contingency for future increased costs. Due to the current uncertainty and volatility in the market, we are unable to offer a fixed price period and the rates will be subject to any future company wide agreements regarding increased costs.
A20: Contract Duration | B20: Prelims attributed to the contract duration agreed within this tender submission to align with practical completion date. Empire construction are liable to bear the costs of an extended construction period if deemed at fault. | C20: An extension of time is to be additional to the contract term pending acceptance of relevant events. Contract duration is priced at 66 weeks.
A22: Out of Hours Working or Overtime | B22: Only normal working hours are allowed within the tender submission (Monday - Friday 7:30am - 5:00pm) any works requested outside of these hours are subject to contract variation in line with the additional costs incurred. | C22: Not Included unless instructed by client. Overtime works to be priced as a contract variation.
A24: Delivery and/or Working Restrictions | B24: Only normal working hours are allowed within the tender submission (Monday - Friday 7:30am - 5:00pm) any works requested outside of these hours by client are subject to variation in line with the additional costs incurred. | C24: No allowance for delivery restrictions and/or any other restrictions on normal working hours.
A26: Fencing to Site Boundary | B26: Included in Empire Construction tender. | C26: Fencing to part of the site perimeter is already in place. We provide a rate for erecting, maintaining and dismantling hoarding to the perimeter of required works areas.
A28: Principal Contractor Role | B28: Empire Construction are liable for Principal Contractor costs. All associated principle contractor costs are included within the tender. | C28: We include for acting a Principal Contractor for the entire duration of the development and will price accordingly. Items outside of this remit will be subject to a variation order.
A30: Protecting Open Excavations | B30: Included in Empire Construction tender. | C30: Following the new H&S directive regarding the use of pedestrian barriers and/or Heras fencing panels to protect open excavations, as opposed to orange bunting and road pins, Empire Construction include a for barriers and fencing panels for this purpose.
... A51: Personal Protective Equipment (PPE) | B51: Empire construction to provide full PPE for site staff and visitors for the total project duration. | C51: Included.
A54: SITE PREPARATION
A56: Locating, Diverting or Lowering of Existing Services | B56: Only allowed for in Empire Construction tender where specifically listed in the tender submission. Where the item of works is not itemised in the tender submission, the works are not included. | C56: Included.
A58: Asbestos Removal | B58: Only allowed for in Empire Construction tender where specifically listed in the tender submission. Where the item of works is not itemised in the tender submission, the works are not included. | C58: Not Included. Presence of asbestos found following initial excavation to be priced as a contact variation.
A60: Demolition (Including Hardstanding's) | B60: Only allowed for in Empire Construction tender where specifically listed in the tender submission. Where the item of works is not itemised in the tender submission, the works are not included. | C60: Included. Existing brick building on site requires demolition prior to construction. Itemised in BoQ.
A62: Disposal of Contaminated Material | B62: Only allowed for in Empire Construction tender where specifically listed in the tender submission. Where the item of works is not itemised in the tender submission, the works are not included. | C62: Included. Removal of all as dug material on site due to prior contamination.
A64: Removal of Japanese Knotweed. | B64: Only allowed for in Empire Construction tender where specifically listed in the tender submission. Where the item of works is not itemised in the tender submission, the works are not included. | C64: Included. Work to be carried out by a specialist contractor as itemised in the BoQ.
A66: Importation of Capping Material | B66: Only allowed for in Empire Construction tender where specifically listed in the tender submission. Where the item of works is not itemised in the tender submission, the works are not included. | C66: We allow for placing 150mm topsoil in Grass areas. Clean capping to underside of carriageways.
A68: Remediation | B68: Only allowed for in Empire Construction tender where specifically listed in the tender submission. Where the item of works is not itemised in the tender submission, the works are not included. | C68: Included. Ground to be levelled to formation levels.
A70: Removal of Trees/Vegetation | B70: Only allowed for in Empire Construction tender where specifically listed in the tender submission. Where the item of works is not itemised in the tender submission, the works are not included. | C70: Included. Rough vegetation & waste to be removed.
A72: Removal or Invasive Weeds | B72: Only allowed for in Empire Construction tender where specifically listed in the tender submission. Where the item of works is not itemised in the tender submission, the works are not included. | C72: Included. Japanese Knotweed to be removed from site.
A74: Tree Protection | B74: Only allowed for in Empire Construction tender where specifically listed in the tender submission. Where the item of works is not itemised in the tender submission, the works are not included. | C74: Not Included - No trees present.
A76: Ecological Constraints/Proposals | B76: Only allowed for in Empire Construction tender where specifically listed in the tender submission. Where the item of works is not itemised in the tender submission, the works are not included. | C76: No allowance for any works due to ecological constraints. All ecology constraints assessed prior to tender Any works required for proposed/previously unidentified ecology are to be priced as a variation to the contract including any associated standing time.
A78: Topsoil Strip | B78: Only allowed for in Empire Construction direct tender where specifically listed in the tender submission. Where the item of works is not itemised in the tender submission, the works are not included. | C78: Not included - Contaminated material existing on site. Topsoil to be tested & approved import material.
... A84: Haul Roads / Pedestrian Walkways | B84: Allowance for haul roads and/or pedestrian walkways as stated in the tender. Segregation to be priced by Empire Construction under the Principal Contractor responsibilities. | C84: Haul roads and Walkways based on the site plan produced by Empire Construction and in line with health and safety guidance.
A87: EXTERNALS
A89: Drawing Information | B89: The drawings that the tender is based on is listed in the tender submission, any client led amendments to the drawings will be priced on an Add/Omit basis. | C89: All drawings to be provided by Empire Construction as confirmed by the client. Tender price submitted based on agreed tender pack drawings.
A91: Breaking Out Rock / Obstructions from Excavations | B91: Only allowed for in Empire Construction tender where specifically listed in the tender submission. Where the item of works is not itemised in the tender submission, the works are not included. Where quantities of breaking out rock are included within Empire Construction tender, the quantities stated are provisional and are subject to remeasure upon completion. All allowances made will be based on the site investigation reports. | C91: Substrata consists of made ground. Breaking out rock, existing foundations, or other obstructions not included.
A93: Existing Storm Drainage | B93: Only allowed for in Empire Construction tender where specifically listed in the tender submission. Where the item of works is not itemised in the tender submission, the works are not included. | C93: Empire Construction include for connecting onto the storm manhole in adjacent road, using the existing spur. We include for exposing the spur, forming the connection, and reinstatement of the carriageway.
A95: Existing Foul Drainage | B95: Only allowed for in Empire Construction tender where specifically listed in the tender submission. Where the item of works is not itemised in the tender submission, the works are not included. | C95: Empire Construction include for connecting onto the foul manhole in adjacent road, using the existing spur. We include for exposing the spur, forming the connection, and reinstatement of the carriageway.
A97: Proposed Drainage | B97: Only allowed for in Empire Construction tender where specifically listed in the tender submission. Where the item of works is not itemised in the tender submission, the works are not included. | C97: All proposed drainage to be agreed in accordance with the adopting authority.
A99: Pumping Out Excavations | B99: Empire Construction will provide a 2" pump for dewatering of open excavations for foundations and drainage any larger pumping requirements above this, including additional excavation, cart away, earthwork support, temporary works and backfill with imported materials, will be subject to a variation. | C99: Included as description.
A101: Surface Water/Silt Management | B101: Only allowed for in Empire Construction tender where specifically listed in the tender submission. Where the item of works is not itemised in the tender submission, the works are not included. | C101: Silt management designs are to be adapted as part of the environmental works pending consultants site visit. Price submitted as a variation order on this basis.
A103: Cart Away Clean Arisings / Surplus Material | B103: Only allowed for in Empire Construction tender where specifically listed in the tender submission. Where the item of works is not itemised in the tender submission, the works are not included. | C103: As dug arisings not to be used as backfill and will be removed from site. All fill material is to be imported clean capping.
A105: Traffic Management | B105: Allowance for third party traffic management to be included in tender during specific times of project. | C105: Included based on project programme dates which include road closures and specific works. Item fully remeasurable.
A107: Highways Approval | B107: Only allowed for in Empire Construction tender where specifically listed in the tender submission. Where the item of works is not itemised in the tender submission, the works are not included. | C107: Included.
A109: Section 278 | B109: Only allowed for in Empire Construction tender where specifically listed in the tender submission. Where the item of works is not itemised in the tender submission, the works are not included. | C109: Included.
A111: Connection to Existing Road | B111: Only allowed for in Empire Construction tender where specifically listed in the tender submission. Where the item of works is not itemised in the tender submission, the works are not included. | C111: Connections to existing manholes as described above. Empire Construction allow for reinstatement of existing carriageway.
... A173: Soft Landscaping | B173: If soft landscaping is specified in the tender documents, the allowance will be included in the Empire Construction tender. | C173: Included.
A176: STRUCTURAL WORKS
A178: Foundation Designs | B178: Our prices are based on the available drawings as agreed at tender stage. Technical changes will be subject to variations. | C178: All foundations are full remeasureable using as-built information.
A180: Piling Mat | B180: If a piling mat is included in the tender, the tender submission will qualify the thickness of the piling mat allowed for in the tender and location. | C180: Included.
A182: Piling | B182: Piling works to be carried out by Empire Construction | C182: Included.
A184: Ring Beam / Pile Cap | B184: Ring Beam and pile caps will be carried out by Empire Construction, these activities will be itemised in the tender in accordance with the tender documents. | C184: Included.
A186: Breaking Out Rock or Obstructions from Excavations | B186: If rock or obstructions are detailed in the render documents, a provisional allowance will be made in the Empire Construction tender. All breaking out rock and obstructions are remeasureable, the provisional allowance is to be omitted and the measure inserted into the contract. | C186: Not Included.
A188: Abnormal Foundations/Trench fill | B188: Foundation abnormals include all works shown on the tender drawings over and above the standard allowance including, additional excavation, concrete & blockwork, all based on the as-built information. | C188: Abnormal allowance includes all works shown on the tender drawings but does not include any allowance for overbreak and/or trench collapse due to ground conditions encountered. Empire Construction are responsible for constructing foundations in line with approved construction drawings.
A190: Trench Blocks | B190: Trench blocks are only included where stated in the tender. Foundations are generally constructed of 100mm concrete blocks with cavity fill, unless specified otherwise. | C190: Not Included.
A192: Mortar | B192: Mortar included where stated in the tender. | C192: Included.
A194: Underbuild | B194: Underbuild is only included where measured and defined in the tender submission and in accordance with the engineering information at the time of tender. | C194: N/A
A196: Water Proofing | B196: Waterproofing is only included where measured and defined in the tender submission and in accordance with the engineering information at the time of tender. | C196: Included.
A198: Insulation / Screed to Raft or Block & Beam Floor | B198: Floor construction allowed for is as per the specification at the time of tender. | C198: Pre cast concrete floor slabs with insulation .
A200: Gas Membrane Works/Telescopic Vents | B200: Floor construction, including membranes and ventilation allowed for is as per the specification at the time of tender and specifically included within the bill of quantities descriptions. | C200: Standard 1200g polythene membrane only. No other gas protection required as per radon report.
... A230: Hoists | B230: Hoist used for material & passenger movement for the specified duration. | C230: Included. Duration specified in BoQ. Includes deliver, erecting, testing, dismantling and removal from site.
A234: Tender Documents: | B234: Revision:
A235: 6013-EMP-XX-00-DR-S-0001 - Pile Layout | B235: A
A236: 6013-EMP-XX-00-DR-S-0002 - Pile Schedule | B236: A
A237: 6013-EMP-XX-00-DR-S-0003 - Pile Cap Schedule | B237: A
A238: 6013-EMP-XX-00-DR-S-0004 - Engineering Layout | B238: A
A239: 6013-EMP-XX-00-DR-S-0005 - Longsections | B239: A
A240: 6013-EMP-XX-00-DR-S-0006 - Manhole Schedule | B240: A
A241: 6013-EMP-XX-00-DR-S-0007 - Typical Highway Construction Details | B241: A
A242: 6013-EMP-XX-00-DR-S-0008 - Site Layout | B242: A
A243: 6013-EMP-XX-00-DR-S-0010 - Ground Floor Structural | B243: A
A244: 6013-EMP-XX-00-DR-S-0011 - First Floor & Schedule | B244: A
A245: 6013-EMP-XX-00-DR-S-0013 - Frame & Elevations | B245: A
A248: Signed: J.Thomas
A250: Jacob Thomas - Estimator
A251: For and on behalf of Empire Construction

Sheet Daywork Schedule
A1: Empire Construction - SA1 Landon Road
A2: Rev. -
A3: Jacob Thomas
A4: 1803650
B5: Empire Construction - Daywork Schedule of Rates
B6: Description | C6: / Hourly | D6: / Half day | E6: / Day | F6: / Week
A7: 1 | B7: Labourer - General | C7: 22.9 | D7: =C7*4 -> 91.6 | E7: =C7*8 -> 183.2 | F7: =C7*40 -> 916
A8: 2 | B8: Labourer - Semi skilled | C8: 24.87 | D8: =C8*4 -> 99.48 | E8: =C8*8 -> 198.96 | F8: =C8*40 -> 994.8
A9: 3 | B9: Banksman | C9: 22.9 | D9: =C9*4 -> 91.6 | E9: =C9*8 -> 183.2 | F9: =C9*40 -> 916
A10: 4 | B10: Groundworker | C10: 29.56 | D10: =C10*4 -> 118.24 | E10: =C10*8 -> 236.48 | F10: =C10*40 -> 1182.4
A11: 5 | B11: Plumber | C11: 31.56 | D11: =C11*4 -> 126.24 | E11: =C11*8 -> 252.48 | F11: =C11*40 -> 1262.4
A12: 6 | B12: Carpenter | C12: 33.01 | D12: =C12*4 -> 132.04 | E12: =C12*8 -> 264.08 | F12: =C12*40 -> 1320.4
A13: 7 | B13: Welder | C13: 32.32 | D13: =C13*4 -> 129.28 | E13: =C13*8 -> 258.56 | F13: =C13*40 -> 1292.8
A14: 8 | B14: Electrician | C14: 35.67 | D14: =C14*4 -> 142.68 | E14: =C14*8 -> 285.36 | F14: =C14*40 -> 1426.8
A15: 9 | B15: Bricklayer | C15: 41.01 | D15: =C15*4 -> 164.04 | E15: =C15*8 -> 328.08 | F15: =C15*40 -> 1640.4
A16: 10 | B16: Steel fixer | C16: 34.26 | D16: =C16*4 -> 137.04 | E16: =C16*8 -> 274.08 | F16: =C16*40 -> 1370.4
A17: 11 | B17: Painter | C17: 29.3 | D17: =C17*4 -> 117.2 | E17: =C17*8 -> 234.4 | F17: =C17*40 -> 1172
A18: 12 | B18: Plasterer | C18: 30.89 | D18: =C18*4 -> 123.56 | E18: =C18*8 -> 247.12 | F18: =C18*40 -> 1235.6
... A28: 22 | B28: 20t Excavator including Operator, fuel etc | C28: 88.73 | D28: =C28*4 -> 354.92 | E28: =C28*8 -> 709.84 | F28: =C28*40 -> 3549.2
A29: 23 | B29: Twin drum roller 120 Bomag including Operator, fuel etc | C29: =14.36+C24 -> 42.23 | D29: =C29*4 -> 168.92 | E29: =C29*8 -> 337.84 | F29: =C29*40 -> 1689.2
A30: 24 | B30: 6t Dumper including Operator, fuel etc | C30: 64.72 | D30: =C30*4 -> 258.88 | E30: =C30*8 -> 517.76 | F30: =C30*40 -> 2588.8
A31: 25 | B31: 9t Dumper including Operator, fuel etc | C31: =24.94+C24 -> 52.81 | D31: =C31*4 -> 211.24 | E31: =C31*8 -> 422.48 | F31: =C31*40 -> 2112.4
A32: 26 | B32: Volvo A25 or equivalent including Operator, fuel etc | C32: 83.39 | D32: =C32*4 -> 333.56 | E32: =C32*8 -> 667.12 | F32: =C32*40 -> 3335.6
A33: 27 | B33: Blade D6 including Operator, fuel etc | C33: 102.89 | D33: =C33*4 -> 411.56 | E33: =C33*8 -> 823.12 | F33: =C33*40 -> 4115.6
A34: 28 | B34: Telehandler including Operator, fuel etc | C34: 66.16 | D34: =C34*4 -> 264.64 | E34: =C34*8 -> 529.28 | F34: =C34*40 -> 2646.4
A35: 29 | B35: Breaker unit 8-13t | C35: 12.55 | D35: =C35*4 -> 50.2 | E35: =C35*8 -> 100.4 | F35: =C35*40 -> 502
A36: 30 | B36: Breaker unit 21t | C36: 15.69 | D36: =C36*4 -> 62.76 | E36: =C36*8 -> 125.52 | F36: =C36*40 -> 627.6
A37: 31 | B37: Road sweep | C37: N/A | D37: 220 | E37: =D37*2 -> 440 | F37: =E37*5 -> 2200
A38: 32 | B38: Jetwash facility | C38: =12.51 -> 12.51 | D38: =C38*4 -> 50.04 | E38: =C38*8 -> 100.08 | F38: =C38*40 -> 500.4
A39: 33 | B39: 35t Mobile crane including Operator, fuel etc | C39: 127.27 | D39: =C39*4 -> 509.08 | E39: =C39*8 -> 1018.16 | F39: =C39*40 -> 5090.8
A40: 34 | B40: Small plant | C40: 10.26 | D40: =C40*4 -> 41.04 | E40: =C40*8 -> 82.08 | F40: =C40*40 -> 410.4
A41: 35 | B41: Generator 350kVA | C41: 12.41 | D41: =C41*4 -> 49.64 | E41: =C41*8 -> 99.28 | F41: =C41*40 -> 496.4
A42: 36 | B42: Generator 500kVA | C42: =C41/35*50 -> 17.728571 | D42: =C42*4 -> 70.914286 | E42: =C42*8 -> 141.82857 | F42: =C42*40 -> 709.14286
A43: 37 | B43: Generator 1250kVA | C43: =C41/35*125 -> 44.321429 | D43: =C43*4 -> 177.28571 | E43: =C43*8 -> 354.57143 | F43: =C43*40 -> 1772.8571
A44: 38 | B44: Compressor 250 cfm | C44: 12.51 | D44: =C44*4 -> 50.04 | E44: =C44*8 -> 100.08 | F44: =C44*40 -> 500.4
A45: 39 | B45: Compressor 825 cfm | C45: =C44/25*82.5 -> 41.283 | D45: =C45*4 -> 165.132 | E45: =C45*8 -> 330.264 | F45: =C45*40 -> 1651.32
A46: 40 | B46: Piling rig | C46: 87.21 | D46: =C46*4 -> 348.84 | E46: =C46*8 -> 697.68 | F46: =C46*40 -> 3488.4
A47: 41 | B47: Materials - Nett cost + 30%
A48: 42 | B48: Imported plant - Nett cost + 30%
A49: 43 | B49: Offsite tipping - Nett cost + 30%
B51: All daywork rates are inclusive of overheads & profit.

Sheet Notes & Assumptions
A1: Empire Construction - SA1 Landon Road
A2: Rev. -
A3: Jacob Thomas
A4: 1803650
A6: Nr | B6: Notes & Assumptions
A7: 1 | B7: All construction makeups are assumptions and detailed in 'Earthworks' tab.
A8: 2 | B8: Earthworks section assumes substructure excavation is to commences at existing levels. No inclusion for reduced level dig prior to substructure excavation.
A9: 3 | B9: All excavated material will be removed from site. Any fill material is to be clean import in compliance with BS.
A10: 4 | B10: CBR test results of <3%. 300mm thick capping layer required.
A11: 5 | B11: Storm & foul mains drainage required in road - See measure . Connection to existing mains at both ends of site.
A12: 6 | B12: Drainage details from project 'SA1 Swansea Waterfront' drawing 050-003. Layout does not include storm drainage but does include foul. Assumed storm levels to be no deeper than foul shown on layout 050-003. See drainage tab for takeoff.
A13: 7 | B13: Manhole depths to be assumed based existing drainge on adjacent road.
A14: 8 | B14: Services mains required in proposed footpaths - See measure. Connection to existing mains required.
A15: 9 | B15: Car parking areas to be permeable block paving as per client request.
A16: 10 | B16: Training to be provided by Empire Construction on building operation and maintenance of systems.
A17: 11 | B17: All substructure concrete works to be reinforced.
A18: 12 | B18: Site can be fully accessed from East & West borders.

Sheet Cash Flow
A1: Empire Construction - SA1 Landon Road
A2: Rev. -
A3: Jacob Thomas
A4: 1803650
A6: Start Date | B6: 05/05/2023 | C6: Completion Date | D6: 19/08/2024 | E6: Gross Total | F6: =9213282.06 -> 9213282.1 | G6: Retention | H6: 0.05
A8: Period | B8: Date | C8: Period Valuation | D8: Gross Valuation | E8: Cost To Complete | F8: Retention | G8: Gross Retention | H8: Cash Expected (30 days)
A9: 1 | B9: May-23 | C9: 508556.39 | D9: =C9 -> 508556.39 | E9: =F6-D9 -> 8704725.7 | F9: =C9*$H$6 -> 25427.82 | G9: =F9 -> 25427.82 | H9: 0
A10: 2 | B10: June-23 | C10: 562142.19 | D10: =IF(C10=0,0,SUM($C$9:C10)) -> 1070698.6 | E10: =IF(C10=0,0,$F$6-D10) -> 8142583.5 | F10: =C10*$H$6 -> 28107.109 | G10: =IF(F10=0,0,SUM($F$9:F10)) -> 53534.929 | H10: =C9-F9 -> 483128.57
A11: 3 | B11: July-23 | C11: 620875.31 | D11: =IF(C11=0,0,SUM($C$9:C11)) -> 1691573.9 | E11: =IF(C11=0,0,$F$6-D11) -> 7521708.2 | F11: =C11*$H$6 -> 31043.766 | G11: =IF(F11=0,0,SUM($F$9:F11)) -> 84578.695 | H11: =C10-F10 -> 534035.08
A12: 4 | B12: August-23 | C12: 625459.98 | D12: =IF(C12=0,0,SUM($C$9:C12)) -> 2317033.9 | E12: =IF(C12=0,0,$F$6-D12) -> 6896248.2 | F12: =C12*$H$6 -> 31272.999 | G12: =IF(F12=0,0,SUM($F$9:F12)) -> 115851.69 | H12: =C11-F11 -> 589831.54
A13: 5 | B13: September-23 | C13: 546521.6 | D13: =IF(C13=0,0,SUM($C$9:C13)) -> 2863555.5 | E13: =IF(C13=0,0,$F$6-D13) -> 6349726.6 | F13: =C13*$H$6 -> 27326.08 | G13: =IF(F13=0,0,SUM($F$9:F13)) -> 143177.77 | H13: =C12-F12 -> 594186.98
A14: 6 | B14: October-2023 | C14: 575564.78 | D14: =IF(C14=0,0,SUM($C$9:C14)) -> 3439120.2 | E14: =IF(C14=0,0,$F$6-D14) -> 5774161.8 | F14: =C14*$H$6 -> 28778.239 | G14: =IF(F14=0,0,SUM($F$9:F14)) -> 171956.01 | H14: =C13-F13 -> 519195.52
A15: 7 | B15: November-2023 | C15: 587512.32 | D15: =IF(C15=0,0,SUM($C$9:C15)) -> 4026632.6 | E15: =IF(C15=0,0,$F$6-D15) -> 5186649.5 | F15: =C15*$H$6 -> 29375.616 | G15: =IF(F15=0,0,SUM($F$9:F15)) -> 201331.63 | H15: =C14-F14 -> 546786.54
A16: 8 | B16: December-2023 | C16: 594732.11 | D16: =IF(C16=0,0,SUM($C$9:C16)) -> 4621364.7 | E16: =IF(C16=0,0,$F$6-D16) -> 4591917.4 | F16: =C16*$H$6 -> 29736.606 | G16: =IF(F16=0,0,SUM($F$9:F16)) -> 231068.23 | H16: =C15-F15 -> 558136.7
A17: 9 | B17: January-2024 | C17: 601452.99 | D17: =IF(C17=0,0,SUM($C$9:C17)) -> 5222817.7 | E17: =IF(C17=0,0,$F$6-D17) -> 3990464.4 | F17: =C17*$H$6 -> 30072.649 | G17: =IF(F17=0,0,SUM($F$9:F17)) -> 261140.88 | H17: =C16-F16 -> 564995.5
A18: 10 | B18: February-2024 | C18: 572632.88 | D18: =IF(C18=0,0,SUM($C$9:C18)) -> 5795450.5 | E18: =IF(C18=0,0,$F$6-D18) -> 3417831.5 | F18: =C18*$H$6 -> 28631.644 | G18: =IF(F18=0,0,SUM($F$9:F18)) -> 289772.53 | H18: =C17-F17 -> 571380.34
A19: 11 | B19: March-2024 | C19: 541757.58 | D19: =IF(C19=0,0,SUM($C$9:C19)) -> 6337208.1 | E19: =IF(C19=0,0,$F$6-D19) -> 2876073.9 | F19: =C19*$H$6 -> 27087.879 | G19: =IF(F19=0,0,SUM($F$9:F19)) -> 316860.41 | H19: =C18-F18 -> 544001.24
A20: 12 | B20: April-2024 | C20: 564354.87 | D20: =IF(C20=0,0,SUM($C$9:C20)) -> 6901563 | E20: =IF(C20=0,0,$F$6-D20) -> 2311719.1 | F20: =C20*$H$6 -> 28217.744 | G20: =IF(F20=0,0,SUM($F$9:F20)) -> 345078.15 | H20: =C19-F19 -> 514669.7
A21: 13 | B21: May-2024 | C21: =550214.33+2843.24 -> 553057.57 | D21: =IF(C21=0,0,SUM($C$9:C21)) -> 7454620.6 | E21: =IF(C21=0,0,$F$6-D21) -> 1758661.5 | F21: =C21*$H$6 -> 27652.878 | G21: =IF(F21=0,0,SUM($F$9:F21)) -> 372731.03 | H21: =C20-F20 -> 536137.13
A22: 14 | B22: June-2024 | C22: 583666.44 | D22: =IF(C22=0,0,SUM($C$9:C22)) -> 8038287 | E22: =IF(C22=0,0,$F$6-D22) -> 1174995.1 | F22: =C22*$H$6 -> 29183.322 | G22: =IF(F22=0,0,SUM($F$9:F22)) -> 401914.35 | H22: =C21-F21 -> 525404.69
A23: 15 | B23: July-2024 | C23: 605016.8 | D23: =IF(C23=0,0,SUM($C$9:C23)) -> 8643303.8 | E23: =IF(C23=0,0,$F$6-D23) -> 569978.25 | F23: =C23*$H$6 -> 30250.84 | G23: =IF(F23=0,0,SUM($F$9:F23)) -> 432165.19 | H23: =C22-F22 -> 554483.12
A24: 16 | B24: August-2024 | C24: 569978.25 | D24: =IF(C24=0,0,SUM($C$9:C24)) -> 9213282.1 | E24: =IF(C24=0,0,$F$6-D24) -> 0 | F24: =C24*$H$6 -> 28498.913 | G24: =IF(F24=0,0,SUM($F$9:F24)) -> 460664.1 | H24: =C23-F23 -> 574765.96
A25: 17 | B25: September-2024 | C25: 0 | D25: =D24 -> 9213282.1 | E25: =IF(C25=0,0,$F$6-D25) -> 0 | F25: 0 | G25: =G24 -> 460664.1 | H25: =C24-F24 -> 541479.34

Sheet Material Costs
A1: Empire Construction - SA1 Landon Road
A2: Rev. -
A3: Jacob Thomas
A4: 1803650
B5: Option 1 - Budget | F5: Option 2 - Mid Range | J5: Option 3 - Top Specification
A6: Item | B6: Material Description | C6: Qty | D6: Cost/ Unit | E6: Total | F6: Material Description | G6: Qty | H6: Cost/ Unit | I6: Total | J6: Material Description | K6: Qty | L6: Cost/ Unit | M6: Total
A7: Car Parking Area (m²) | B7: Tarmac surface course | C7: =G7 -> 1170 | D7: 33.87 | E7: =D7*C7 -> 39627.9 | F7: Resin surface course | G7: =Details!D542 -> 1170 | H7: 78.22 | I7: =H7*G7 -> 91517.4 | J7: Permeable block paving | K7: =G7 -> 1170 | L7: 85.6 | M7: =L7*K7 -> 100152
A8: Landscape Footpath Area (m²) | B8: Tarmac surface course | C8: =G8 -> 909 | D8: 23.86 | E8: =D8*C8 -> 21688.74 | F8: Patio slabs 1200mm coloured | G8: =Details!D482 -> 909 | H8: 37.61 | I8: =H8*G8 -> 34187.49 | J8: Permeable block paving | K8: =G8 -> 909 | L8: 59.27 | M8: =L8*K8 -> 53876.43
A9: Floor slab (m²) | B9: Precast concrete floor slab | C9: =Details!D376 -> 1207 | D9: 174.39 | E9: =D9*C9 -> 210488.73 | F9: Cast in situ | G9: =C9 -> 1207 | H9: 311.37 | I9: =H9*G9 -> 375823.59 | J9: Block and Beam | K9: =C9 -> 1207 | L9: 425.07 | M9: =L9*K9 -> 513059.49
A10: Kerbs (m) | B10: Standard kerbs | C10: =K10 -> 646 | D10: 27.22 | E10: =D10*C10 -> 17584.12 | F10: Coloured kerbs | G10: =K10 -> 646 | H10: =D10+24 -> 51.22 | I10: =H10*G10 -> 33088.12 | J10: Beanie kerbs | K10: =Details!D472 -> 646 | L10: =D10+124 -> 151.22 | M10: =L10*K10 -> 97688.12
A11: Windows (m) | B11: Aluminium | C11: 83.23 | D11: 982.86 | E11: =D11*C11 -> 81803.438 | F11: Vinyl | G11: 83.23 | H11: 1099.65 | I11: =H11*G11 -> 91523.87 | J11: Fibreglass | K11: =C11 -> 83.23 | L11: 1121.97 | M11: =L11*K11 -> 93381.563
A12: Roofing (m²) | B12: Standard flat roof | C12: 291.29 | D12: 180 | E12: =D12*C12 -> 52432.2 | F12: Membrane | G12: =K12 -> 291.29 | H12: 201.22 | I12: =H12*G12 -> 58613.374 | J12: Landscape roof | K12: 291.29 | L12: 235.66 | M12: =L12*K12 -> 68645.401

Sheet Foundation Substantiation
